 Dungeon Crawl Stone Soup version 0.31-a0-221-gbddc013574 (webtiles) character file.

Game seed: 14491488088267735944

3758 qw the Cleaver (level 10, -2/63 HPs)
             Began as a Gargoyle Fighter on July 4, 2023.
             Was a Follower of Okawaru.
             Slain by a titanic slime creature (65 damage)
             ... on level 8 of the Dungeon.
             The game lasted 00:03:30 (6382 turns).

qw the Cleaver (Gargoyle Fighter)                   Turns: 6382, Time: 00:03:30

Health: -2/63      AC: 23    Str: 29    XL:     10   Next: 15%
Magic:  11/13      EV: 10    Int: 12    God:    Okawaru [*.....]
Gold:   82         SH: 11    Dex:  9    Spells: 9/9 levels left

rFire   . . .        w - +0 broad axe
rCold   . . .        r - +0 kite shield
rNeg    + . .        h - +0 chain mail
rPois   inf          i - +0 helmet "Lep Eha" {Str+5}
rElec   +            (no cloak)
rCorr   .            (no gloves)
SInv    .            (no boots)
Will    ++...        (no amulet)
Stlth   +            f - ring of willpower
HPRegen 0.30/turn    b - ring of Kilij {Will+ AC+4 Int+3 Slay+3 Stlth+}
MPRegen 0.13/turn

%: no passive effects
@: about to teleport, heroic
A: sickness immunity, AC +7, negative energy resistance 1, electricity
resistance, torment resistance 1, petrification resistance
a: Renounce Religion, Heroism


You were on level 8 of the Dungeon.
You worshipped Okawaru.
Okawaru was aware of your devotion.
You visited 2 branches of the dungeon, and saw 9 of its levels.

You collected 502 gold pieces.
You spent 420 gold pieces at shops.


Innate Abilities, Weirdness & Mutations

You are immune to sickness and miasma.
Your stone body is resilient. (AC +7)
You are immune to poison.
You resist negative energy. (rN+)
You are resistant to electric shocks. (rElec)
You are resistant to unholy torment.
You are immune to petrification.


   Skills:
 - Level 7.0(12.0) Fighting
 - Level 9.3(14.3) Axes
 + Level 0.2(5.2) Throwing
 - Level 4.1(9.1) Armour
 - Level 1.3(6.3) Dodging
 - Level 8.3(13.3) Shields
 - Level 4.0 Invocations


You had 9 spell levels left.
You didn't know any spells.
Your spell library was empty.

Inventory:

Hand Weapons
 l - a +0 flail
 n - a +2 mace of holy wrath
 u - the +1 mace of Temperance {flame, rPois Str+2 SInv}
   (You bought it in a shop on level 7 of the Dungeon)

   Str:       It affects your strength (+2).
   rPois:     It protects you from poison.
   SInv:      It lets you see invisible.
 w - a +0 broad axe (weapon)
Missiles
 x - 3 javelins (quivered)
Armour
 h - a +0 chain mail (worn)
 i - the +0 helmet "Lep Eha" (worn) {Str+5}
   (You took it off Robin on level 2 of the Dungeon)

   Str:       It affects your strength (+5).
 r - a +0 kite shield (worn)
Jewellery
 b - the ring of Kilij (right hand) {Will+ AC+4 Int+3 Slay+3 Stlth+}
   (You acquired it on level 3 of the Dungeon)

   [ring of protection]

   AC:        It affects your AC (+4).
   Int:       It affects your intelligence (+3).
   Slay:      It affects your accuracy & damage with ranged weapons and melee
   (+3).
   Will:      It increases your willpower.
   Stlth:     It makes you more stealthy.
 f - a ring of willpower (left hand)
 s - an amulet of guardian spirit
 t - a ring of positive energy
Scrolls
 e - a scroll of enchant armour
 q - a scroll of identify
Potions
 a - a potion of mutation {unknown}
 c - a potion of enlightenment {unknown}
 d - 3 potions of might
 g - a potion of brilliance {unknown}
 j - a potion of berserk rage {unknown}
 k - a potion of haste {unknown}
 m - a potion of attraction
 o - a potion of lignification
 p - a potion of curing

Dungeon Overview and Level Annotations

Branches:
Dungeon (8/15)             Temple (1/1) D:5
   Lair: D:8-11

Altars:
Ashenzari
Cheibriados
Dithmenos
Elyvilon
Fedhas
Gozag
Hepliaklqana
Kikubaaqudgha
Makhleb
Nemelex Xobeh
Okawaru
Ru
Sif Muna
Trog
Wu Jian
Yredelemnul
Zin
The Shining One

Shops:
D:1 [   D:7 (*([=

Annotations:
D:3 2 transporters, qw's ghost, amateur GrHs
D:5 1 runed translucent door, qw's ghost, novice MiHs


Message History

Enter note:
Enter note:
Enter note:
Enter note:
Enter note:
Enter note:
Enter note:
x - 4 javelins You open the door. 6 slime creatures come into view.
The slime creature quivers. x4
Enter note:
Enter note:
Enter note:
Enter note:
Enter note:
Enter note:
Enter note:
Enter note:
Enter note:
Enter note:
Enter note:
Enter note: You throw a javelin.
The javelin pierces through the slime creature!
The slime creature is moderately wounded.
The javelin pierces through the slime creature!
The slime creature is lightly wounded.
Two slime creatures merge to form a large slime creature.
Two slime creatures merge to form a very large slime creature.
Two slime creatures merge to form an enormous slime creature.
6381 ||| READING scroll of teleportation.
As you read the scroll of teleportation, it crumbles to dust.
You feel strangely unstable.
Two slime creatures merge to form a titanic slime creature.
6382 ||| INVOKING Heroism.
You gain the combat prowess of a mighty hero.
The titanic slime creature hits you!!!
Ouch! That really hurt!
You die...

#.......## #.........
#...#........
+...##......# #
#...##......# .#
#...........# ..#
#####..........<##...#
................@JJ.(#
.................#...#
...<.............#
...#
........##....#### +##
........##....#
...##...#.....#
#####...#.....#
........#.....#
........#.....#


You could see a titanic slime creature and a slime creature.

Vanquished Creatures
  A steam dragon (D:7)
  Menkaure (D:4)
  2 water moccasins
  An orc warrior (D:8)
  A sky beast (D:8)
  An ice beast (D:4)
  2 black bears
  A centaur (D:6)
  4 ogres
  2 phantoms
  Blork the orc (D:5)
  3 bullfrogs
  2 kobold brigands (D:8)
  6 scorpions
  A gnoll sergeant (D:6)
  5 wights (D:8)
  5 howler monkeys
  3 electric eels (D:7)
  2 hounds
  A gnoll bouda (D:6)
  A jelly (D:5)
  3 orc priests
  7 sleepcaps
  Natasha (thrice) (D:2)
  2 iguanas (D:5)
  3 orc wizards
  Robin (D:2)
  7 gnolls (D:6)
  7 adders
  A shadow imp (D:7)
  4 white imps
  An ufetubus (D:4)
  4 worms
  A dart slug (D:2)
  24 orcs
  8 ball pythons
  5 endoplasms
  A giant cockroach (D:3)
  7 hobgoblins
  4 jackals (D:4)
  2 quokkas
  A bat (D:1)
  4 frilled lizards
  16 goblins
  13 kobolds
  7 rats
182 creatures vanquished.

Notes
Turn   | Place    | Note
-------+----------+-------------------------------------------
     0 | D:1      | qw the Gargoyle Fighter began the quest for the Orb.
     0 | D:1      | Reached XP level 1. HP: 14/14 MP: 1/1
     0 | D:1      | 0 ||| qw: Version: 0.3-a-41-g9d075ac
     0 | D:1      | 0 ||| qw: Game counter: 688
     0 | D:1      | 0 ||| qw: Melee chars always use a shield: true
     0 | D:1      | 0 ||| qw: God list: Okawaru
     0 | D:1      | 0 ||| qw: Allow faded altars: false
     0 | D:1      | 0 ||| qw: Do Orc after clearing Dungeon:15 true
     0 | D:1      | 0 ||| qw: Do second Lair branch before Depths: true
     0 | D:1      | 0 ||| qw: Lair rune preference: random
     0 | D:1      | 0 ||| qw: Goals: Normal, Zot:1-4, Slime:5, God:TSO, Crypt,
                  | Tomb, Abyss, Pan, Hells, Win
     0 | D:1      | 0 ||| PLANNING D:1-11
    57 | D:1      | Found Ponwaw's Antique Armour Emporium.
    68 | D:1      | Reached skill level 2 in Axes
    71 | D:1      | 71 ||| SHOPLISTING glowing ring mail (126 gold, have 15).
    71 | D:1      | 71 ||| SHOPLISTING pair of boots (81 gold, have 15).
    71 | D:1      | 71 ||| SHOPLISTING runed helmet (135 gold, have 15).
    71 | D:1      | 71 ||| SHOPLISTING runed scarf (144 gold, have 15).
    71 | D:1      | 71 ||| SHOPLISTING shiny fire dragon scales (1134 gold,
                  | have 15).
   149 | D:1      | 149 ||| Stepping ~*~*~tactically~*~*~ (stealth).
   155 | D:1      | Reached XP level 2. HP: 19/19 MP: 2/2
   517 | D:1      | 517 ||| UPGRADING to ring of willpower.
   518 | D:1      | 518 ||| READING scroll labelled RUOPOS YSMAECK.
   519 | D:1      | 519 ||| READING scroll labelled WICSIR NOECK.
   520 | D:1      | 520 ||| READING scroll labelled EMUNUCUUXO.
   648 | D:2      | Reached skill level 3 in Axes
   659 | D:2      | Reached XP level 3. HP: 23/23 MP: 3/3
   689 | D:2      | 689 ||| DROPPING +0 club.
   695 | D:2      | 695 ||| Stepping ~*~*~tactically~*~*~ (stealth).
   697 | D:2      | 697 ||| Stepping ~*~*~tactically~*~*~ (stealth).
   699 | D:2      | 699 ||| Stepping ~*~*~tactically~*~*~ (stealth).
   709 | D:2      | 709 ||| Stepping ~*~*~tactically~*~*~ (hiding).
   733 | D:2      | Identified the +0 helmet "Lep Eha" {Str+5}
   733 | D:2      | Noticed Robin
   734 | D:2      | 734 ||| Stepping ~*~*~tactically~*~*~ (hiding).
   744 | D:2      | Killed Robin
   748 | D:2      | HP: 5/23 [hobgoblin[Robin] (4)]
   830 | D:2      | 830 ||| DROPPING +0 whip.
   986 | D:2      | Noticed Natasha
   995 | D:2      | Killed Natasha
   996 | D:2      | Reached skill level 4 in Axes
   996 | D:2      | Reached XP level 4. HP: 16/28 MP: 4/4
  1093 | D:2      | Noticed Natasha
  1095 | D:2      | 1095 ||| Stepping ~*~*~tactically~*~*~ (hiding).
  1097 | D:2      | 1097 ||| Stepping ~*~*~tactically~*~*~ (hiding).
  1102 | D:2      | Killed Natasha
  1114 | D:2      | Noticed Natasha
  1115 | D:2      | 1115 ||| Stepping ~*~*~tactically~*~*~ (hiding).
  1116 | D:2      | 1116 ||| Stepping ~*~*~tactically~*~*~ (hiding).
  1117 | D:2      | 1117 ||| Stepping ~*~*~tactically~*~*~ (hiding).
  1126 | D:2      | Killed Natasha
  1127 | D:2      | Reached XP level 5. HP: 14/32 MP: 5/5
  1784 | D:2      | 1784 ||| UPGRADING to +0 helmet "Lep Eha" {Str+5}.
  1789 | D:2      | 1789 ||| READING scroll labelled ZABIPT CIPOWI.
  1790 | D:2      | 1790 ||| READING scroll labelled LEIMEE PEIDWAOXA.
  1850 | D:3      | Reached skill level 5 in Axes
  1860 | D:3      | 1860 ||| Stepping ~*~*~tactically~*~*~ (stealth).
  1945 | D:3      | HP: 8/32 [orc/+0 flail (7)]
  1946 | D:3      | Reached skill level 1 in Dodging
  2084 | D:3      | Found a transporter.
  2085 | D:3      | Noticed qw's ghost (amateur GrHs)
  2086 | D:3      | 2086 ||| DROPPING +3 spectral club.
  2087 | D:3      | Found a transporter.
  2087 | D:3      | Noticed an ogre
  2090 | D:3      | Identified the +5 great mace "Giraom" {freeze, Fly rC+}
  2090 | D:3      | Noticed an ogre
  2139 | D:3      | 2139 ||| Stepping ~*~*~tactically~*~*~ (stealth).
  2338 | D:3      | Found a faded altar of an unknown god.
  2341 | D:3      | 2341 ||| UPGRADING to +0 chain mail.
  2351 | D:3      | 2351 ||| DROPPING +0 scale mail.
  2352 | D:3      | 2352 ||| READING scroll labelled WIBEUM ADWUDWO.
  2353 | D:3      | 2353 ||| READING scroll labelled MANEUG OTECS.
  2354 | D:3      | 2354 ||| READING scroll labelled SETZIA TORPHEVU.
  2354 | D:3      | Identified a scroll of acquirement
  2354 | D:3      | 2354 ||| ACQUIRING ring of Kilij {Will+ AC+4 Int+3 Slay+3
                  | Stlth+}
  2354 | D:3      | Acquired the ring of Kilij {Will+ AC+4 Int+3 Slay+3 Stlth+}
  2356 | D:3      | 2356 ||| UPGRADING to ring of Kilij {Will+ AC+4 Int+3
                  | Slay+3 Stlth+}.
  2405 | D:4      | Reached XP level 6. HP: 37/38 MP: 6/6
  2449 | D:4      | Reached XP level 7. HP: 43/44 MP: 7/7
  2481 | D:4      | Reached skill level 6 in Axes
  2496 | D:4      | Noticed Menkaure
  2497 | D:4      | 2497 ||| FLEEEEING.
  2498 | D:4      | 2498 ||| FLEEEEING.
  2511 | D:4      | 2511 ||| FLEEEEING.
  2512 | D:4      | 2512 ||| FLEEEEING.
  2514 | D:4      | 2514 ||| STAIRDANCE
  2529 | D:3      | 2529 ||| DRINKING 2 green potions.
  2540 | D:4      | Killed Menkaure
  2642 | D:4      | Reached skill level 7 in Axes
  2754 | D:4      | 2754 ||| Stepping ~*~*~tactically~*~*~ (stealth).
  2944 | D:5      | Entered Level 5 of the Dungeon
  2949 | D:5      | 2949 ||| STAIRDANCE
  2954 | D:4      | Reached XP level 8. HP: 45/49 MP: 8/8
  3017 | D:5      | Found a runed translucent door.
  3023 | D:5      | 3023 ||| Stepping ~*~*~tactically~*~*~ (stealth).
  3050 | D:5      | Reached skill level 8 in Axes
  3076 | D:5      | 3076 ||| FLEEEEING.
  3125 | D:5      | 3125 ||| FLEEEEING.
  3126 | D:5      | 3126 ||| FLEEEEING.
  3127 | D:5      | 3127 ||| FLEEEEING.
  3128 | D:5      | 3128 ||| FLEEEEING.
  3129 | D:5      | 3129 ||| FLEEEEING.
  3131 | D:5      | 3131 ||| FLEEEEING.
  3132 | D:5      | 3132 ||| FLEEEEING.
  3133 | D:5      | 3133 ||| FLEEEEING.
  3134 | D:5      | 3134 ||| FLEEEEING.
  3136 | D:5      | 3136 ||| FLEEEEING.
  3137 | D:5      | 3137 ||| FLEEEEING.
  3138 | D:5      | 3138 ||| FLEEEEING.
  3139 | D:5      | 3139 ||| FLEEEEING.
  3140 | D:5      | 3140 ||| FLEEEEING.
  3141 | D:5      | 3141 ||| FLEEEEING.
  3142 | D:5      | 3142 ||| STAIRDANCE
  3177 | D:5      | Reached skill level 6 in Fighting
  3301 | D:5      | 3301 ||| READING scroll of enchant weapon.
  3301 | D:5      | 3301 ||| ENCHANTING +1 war axe.
  3345 | D:5      | Found a staircase to the Ecumenical Temple.
  3346 | D:5      | 3346 ||| PLANNING TEMPLE
  3346 | D:5      | 3346 ||| READING scroll labelled YLYDDY IMAINOS.
  3347 | D:5      | 3347 ||| READING scroll labelled HISIASCH MOXKUX.
  3349 | D:5      | Noticed Blork the orc
  3358 | D:5      | Killed Blork the orc
  3404 | D:5      | 3404 ||| Stepping ~*~*~tactically~*~*~ (stealth).
  3405 | D:5      | 3405 ||| Stepping ~*~*~tactically~*~*~ (stealth).
  3407 | D:5      | 3407 ||| Stepping ~*~*~tactically~*~*~ (stealth).
  3408 | D:5      | 3408 ||| Stepping ~*~*~tactically~*~*~ (stealth).
  3484 | Temple   | Entered the Ecumenical Temple
  3520 | Temple   | 3520 ||| PLANNING OKAWARU WORSHIP
  3670 | Temple   | Became a worshipper of Warmaster Okawaru
  3671 | Temple   | 3671 ||| PLANNING D:1-11
  3710 | D:5      | 3710 ||| READING scroll of enchant weapon.
  3710 | D:5      | 3710 ||| ENCHANTING +2 war axe.
  3825 | D:5      | 3825 ||| Stepping ~*~*~tactically~*~*~ (stealth).
  3853 | D:5      | Noticed qw's ghost (novice MiHs)
  3900 | D:5      | 3900 ||| DRINKING 2 metallic amethyst potions.
  3975 | D:6      | Reached skill level 9 in Axes
  4044 | D:6      | 4044 ||| Stepping ~*~*~tactically~*~*~ (hiding).
  4102 | D:6      | Reached XP level 9. HP: 31/55 MP: 9/9
  4425 | D:6      | Reached * piety under Okawaru
  4428 | D:6      | 4428 ||| FLEEEEING.
  4442 | D:6      | 4442 ||| Stepping ~*~*~tactically~*~*~ (stealth).
  4443 | D:6      | 4443 ||| Stepping ~*~*~tactically~*~*~ (stealth).
  4445 | D:6      | 4445 ||| Stepping ~*~*~tactically~*~*~ (stealth).
  4516 | D:6      | 4516 ||| Stepping ~*~*~tactically~*~*~ (stealth).
  4526 | D:6      | Reached skill level 1 in Invocations
  4553 | D:6      | 4553 ||| Stepping ~*~*~tactically~*~*~ (stealth).
  4567 | D:6      | 4567 ||| INVOKING Heroism.
  4808 | D:6      | 4808 ||| Stepping ~*~*~tactically~*~*~ (hiding).
  4829 | D:6      | Reached skill level 3 in Invocations
  5024 | D:6      | 5024 ||| UPGRADING to +0 kite shield.
  5034 | D:6      | 5034 ||| DROPPING +0 buckler.
  5035 | D:6      | 5035 ||| READING 2 scrolls labelled DODWIU HOHOC.
  5036 | D:6      | 5036 ||| DRINKING 2 smoky puce potions.
  5037 | D:6      | 5037 ||| DROPPING potion of degeneration.
  5095 | D:7      | 5095 ||| INVOKING Heroism.
  5122 | D:7      | 5122 ||| INVOKING Heroism.
  5125 | D:7      | HP: 14/57 [electric eel/bolt of electricity (1)]
  5167 | D:7      | 5167 ||| FLEEEEING.
  5168 | D:7      | 5168 ||| INVOKING Heroism.
  5279 | D:7      | 5279 ||| INVOKING Heroism.
  5291 | D:7      | Reached skill level 6 in Shields
  5291 | D:7      | 5291 ||| Stepping ~*~*~tactically~*~*~ (cloud).
  5575 | D:7      | Found Peosirau's Weapon Emporium.
  5581 | D:7      | 5581 ||| BUYING +1 mace of Temperance {flame, rPois Str+2
                  | SInv} (390 gold).
  5581 | D:7      | Bought the +1 mace of Temperance {flame, rPois Str+2 SInv}
                  | for 390 gold pieces
  5587 | D:7      | Found Binuec's General Store.
  5592 | D:7      | 5592 ||| SHOPLISTING potion of mutation (80 gold, have 61).
  5592 | D:7      | 5592 ||| BUYING scroll of teleportation (30 gold).
  5592 | D:7      | Bought a scroll of teleportation for 30 gold pieces
  5649 | D:7      | Found Qiph's Antique Weapon Boutique.
  5658 | D:7      | 5658 ||| SHOPLISTING morningstar (132 gold, have 31).
  5658 | D:7      | 5658 ||| SHOPLISTING smoking mace (264 gold, have 31).
  5968 | D:7      | Found Lauphoud's Antique Armour Boutique.
  5971 | D:7      | 5971 ||| SHOPLISTING pair of gloves (135 gold, have 59).
  5971 | D:7      | 5971 ||| SHOPLISTING plate armour (690 gold, have 59).
  5982 | D:7      | Found Cir Qefa's Jewellery Shoppe.
  5991 | D:7      | 5991 ||| SHOPLISTING +6 ring of dexterity (468 gold, have
                  | 59).
  5991 | D:7      | 5991 ||| SHOPLISTING ring of ice (325 gold, have 59).
  5991 | D:7      | 5991 ||| SHOPLISTING ring of protection from fire (325
                  | gold, have 59).
  5991 | D:7      | 5991 ||| SHOPLISTING ring of see invisible (195 gold, have
                  | 59).
  6072 | D:7      | 6072 ||| INVOKING Heroism.
  6105 | D:7      | 6105 ||| READING scroll labelled OCONLI FONEN.
  6106 | D:7      | 6106 ||| DRINKING 2 emerald potions.
  6140 | D:8      | 6140 ||| READING scroll of enchant weapon.
  6140 | D:8      | 6140 ||| ENCHANTING +3 war axe.
  6187 | D:8      | Found a blossoming altar of Fedhas.
  6189 | D:8      | 6189 ||| Stepping ~*~*~tactically~*~*~ (hiding).
  6190 | D:8      | 6190 ||| Stepping ~*~*~tactically~*~*~ (hiding).
  6191 | D:8      | 6191 ||| Stepping ~*~*~tactically~*~*~ (hiding).
  6193 | D:8      | 6193 ||| Stepping ~*~*~tactically~*~*~ (hiding).
  6194 | D:8      | 6194 ||| Stepping ~*~*~tactically~*~*~ (hiding).
  6196 | D:8      | 6196 ||| Stepping ~*~*~tactically~*~*~ (hiding).
  6224 | D:8      | 6224 ||| INVOKING Heroism.
  6230 | D:8      | Reached XP level 10. HP: 63/63 MP: 10/13
  6230 | D:8      | 6230 ||| Stepping ~*~*~tactically~*~*~ (stealth).
  6237 | D:8      | 6237 ||| Stepping ~*~*~tactically~*~*~ (hiding).
  6256 | D:8      | 6256 ||| SWAPPING to +0 broad axe.
  6263 | D:8      | 6263 ||| DROPPING +4 war axe.
  6267 | D:8      | 6267 ||| Stepping ~*~*~tactically~*~*~ (stealth).
  6283 | D:8      | 6283 ||| Stepping ~*~*~tactically~*~*~ (hiding).
  6284 | D:8      | 6284 ||| Stepping ~*~*~tactically~*~*~ (hiding).
  6339 | D:8      | 6339 ||| Stepping ~*~*~tactically~*~*~ (stealth).
  6341 | D:8      | 6341 ||| Stepping ~*~*~tactically~*~*~ (hiding).
  6342 | D:8      | 6342 ||| Stepping ~*~*~tactically~*~*~ (hiding).
  6343 | D:8      | 6343 ||| Stepping ~*~*~tactically~*~*~ (hiding).
  6344 | D:8      | 6344 ||| Stepping ~*~*~tactically~*~*~ (hiding).
  6381 | D:8      | 6381 ||| READING scroll of teleportation.
  6382 | D:8      | 6382 ||| INVOKING Heroism.
  6382 | D:8      | Slain by a titanic slime creature

Levels and vault maps discovered:
D:1:      onia_arrival_pyramid, layout_basic, serial_shops, shop
D:2:      layout_basic, serial_curves, eino_curves_02, eino_curves_02,
          minivault_25, nicolae_wormholes, uniq_robin, uniq_natasha
D:3:      layout_rooms, hellmonk_ecumenical_altar_prayer_group,
          gammafunk_ghost_smash
D:4:      layout_basic, uniq_menkaure
D:5:      layout_basic, minmay_temple_entry_arrows, ebering_ghost_sewer_d,
          uniq_blork_the_orc
D:6:      layout_loops_ring
D:7:      layout_basic, serial_shops, nicolae_shop_real_fake_doors,
          nicolae_square_shop, nicolae_shop_peninsula, shop, shop,
          serial_bayou_lagoon_b
D:8:      layout_gridville, fedhas_altar_1, mainiacjoe_overflow_catwalk_spiral,
          minmay_misc_feat_five
Temple:   bh_familiar_temple

Skill      XL: |  1  2  3  4  5  6  7  8  9 10 |
---------------+-------------------------------+-----
Axes           | 2 3 4 5 7 9 |  9.3
Dodging        | 1 |  1.3
Fighting       | 4 5 6 7 |  7.0
Shields        | 4 7 8 |  8.3
Armour         | 4 |  4.1
Invocations    | 4 |  4.0
Throwing       | |  0.2

Action                     |  1- 3 |  4- 6 |  7- 9 | 10-12 || total
---------------------------+-------+-------+-------+-------++-------
  Melee: War axe           |   109 |    69 |   282 |    12 ||   472
         Broad axe         |       |       |       |    22 ||    22
  Throw: Boomerang         |       |    35 |    25 |       ||    60
         Javelin           |       |       |       |     1 ||     1
 Invoke: Heroism           |       |       |     7 |     1 ||     8
    Use: Scroll            |     3 |     5 |     7 |     1 ||    16
         Potion            |       |       |     4 |       ||     4
 Armour: Scale mail        |    58 |    24 |       |       ||    82
         Chain mail        |       |    12 |   165 |    12 ||   189
  Dodge: Dodged            |    42 |    33 |    91 |     6 ||   172
  Block: Buckler           |    16 |    15 |    44 |       ||    75
         Kite shield       |       |       |    27 |    17 ||    44

Table legend:
 A = Non-vault XP
 B = Vault XP
 C = Vault XP percentage of total XP
 D = Non-vault monster count
 E = Vault monster count
 F = Vault count percentage of total count
                 A         B        C        D         E       F
            +---------+---------+-------+---------+---------+-------
      Total |    5019 |     350 |   6.5 |     164 |      18 |   9.9
            +---------+---------+-------+---------+---------+-------
        D:1 |      25 |       0 |   0.0 |      18 |       0 |   0.0
        D:2 |     104 |      80 |  43.5 |      13 |      15 |  53.6
        D:3 |      91 |       2 |   2.2 |      22 |       1 |   4.3
        D:4 |     811 |     172 |  17.5 |      27 |       1 |   3.6
        D:5 |     798 |      96 |  10.7 |      21 |       1 |   4.5
        D:6 |    1325 |       0 |   0.0 |      33 |       0 |   0.0
        D:7 |    1029 |       0 |   0.0 |      14 |       0 |   0.0
        D:8 |     836 |       0 |   0.0 |      16 |       0 |   0.0
            +---------+---------+-------+---------+---------+-------
